Description

This build is a more all in version of This build.

Replay - Frozen Temple (5)

Build Order

Get SALT Encoding   

  12  0:09  Supply Depot  
  12  0:18  Refinery  
  12  0:35  Barracks  Proxied.
  12  0:56  Barracks  
  12  1:02  SCV x2  Only 2.
  14  1:22  Reaper  Continuous.
  15  1:38  Barracks  With your first SCV that was sent out.
  17  1:48  SCV  Only 1.
  18  2:00  Refinery  2 SCV's on this gas.
  20  2:30  Supply Depot  
  28  3:35  Supply Depot  
Spawning Tool Build Advisor. Get it on Overwolf

Analysis

The build is a variation of the standard 2 rax reaper cheese. This build adds an additional barracks for more reapers and slower transition. You need to do significant damage in order to be able to expand and not be severely behind.

There are options on building placement. The first Rax must be proxied but the 2nd and 3rd can be at home if you'd like to try and make it seem normal but without an orbital and double gas, it's going to be obvious what the build is.

All focus must be on army units first, grenades as necessary on workers and pull back damaged reapers to heal.

Note: If you have "Hide workers" selected when viewing builds, you will want to un-check it for this build as SCV production is specific.

Go to:

Details

  • Created by: Rayvenx     
  • Published on: May 16, 2016
  • Modified on: May 16, 2016
  • Patch: Pre-3.8.0
Show
View Real Time Build Order
Export as new Build Order

Comments (2)

On July 20, 2016, 5:30 p.m., winbotter  said:

Issue : Counter

Fast Lings : Play cliffs

Fast Air : Kill ves miners first

Pylon fire : Run away temp

Does this sound right? What else is an issue for the build and counters for them?

On May 16, 2016, 7:59 p.m., MorN  said:

Another beautiful build and writeup! <3

Create an account to comment!